Map: Eternal Empire LE

Players

HeroMarine

  • Race: Terran Terran
  • League: Master
  • Spawn Location: 1:00

AGOElazer (Elazer) - Winner!

  • Race: Zerg Zerg
  • League: Master
  • Spawn Location: 7:00

Event: Shopify TSL 5

VOD

Have the link to the VOD?

Description

Time

  • Played on: May 24, 2020, 3:23 p.m.
  • Length: 10:44

All games in this series

Show
View Real Time Build Order
Export as new Build Order

HeroMarine Terran 

Build Orders: Hellion Opening, Reaper Expand 

Get SALT Encoding   

  12  0:00  SCV  
  13  0:13  SCV  
  14  0:17  Supply Depot  
  14  0:25  SCV  
  15  0:38  SCV  
  15  0:40  Barracks  
  16  0:43  Refinery  
  16  0:50  SCV  
  17  1:03  SCV  
  18  1:15  SCV  
  19  1:27  Reaper  
  19  1:28  Orbital Command  
  20  1:40  Command Center  
  20  1:51  Supply Depot  
  20  1:53  SCV  
  21  1:59  Marine  
  22  2:06  SCV  
  23  2:14  Factory  
  23  2:18  SCV  
  23  2:20  Barracks Reactor  
  24  2:24  Refinery  
  24  2:30  SCV  
  25  2:42  SCV  
  26  2:53  Orbital Command  
  26  2:54  SCV  
  27  2:59  Starport  
  27  3:04  Hellion  
  27  3:05  Hellion  
  31  3:06  SCV  
  32  3:18  SCV x2  
  34  3:25  Supply Depot  
  34  3:26  Hellion x2  
  38  3:30  SCV  
  38  3:31  SCV  
  40  3:35  Fusion Core  
  40  3:36  Starport Tech Lab  
  40  3:42  SCV  
  40  3:43  SCV  
  40  3:47  Hellion x2  
  46  3:50  Supply Depot  
  46  3:54  SCV  
  46  3:55  SCV  
  48  4:07  SCV x2  
  50  4:16  Command Center  
  50  4:22  Battlecruiser  
  56  4:28  Supply Depot  
  56  4:30  SCV x2  
  58  4:35  Barracks Tech Lab  
  58  4:42  SCV x2, Barracks  
  58  4:44  Factory Reactor  
  58  4:45  Barracks  
  60  4:54  SCV x2, Marine, Stimpack  
  60  4:58  Engineering Bay  
  63  5:00  Engineering Bay  
  63  5:06  SCV x2  
  65  5:07  Refinery  
  65  5:12  Marine  
  66  5:18  SCV x2, Refinery  
  68  5:28  Factory Reactor  
  68  5:30  SCV x2, Barracks x2  
  68  5:32  Orbital Command  
  68  5:36  Starport Reactor  
  68  5:40  Marine x2  
  68  5:42  SCV x2  
  70  5:45  Marine  
  70  5:47  Terran Infantry Armor Level 1, Terran Infantry Weapons Level 1  
  71  5:52  Marine x2  
  71  5:54  SCV x2  
  75  5:57  Orbital Command  
  75  5:58  Marine x2  
  75  6:02  Marine  
  78  6:06  SCV  
  78  6:07  SCV, Supply Depot  
  78  6:09  Supply Depot  
  78  6:10  Marine x2  
  76  6:15  Marine  
  76  6:16  Widow Mine x2, Medivac x2  
  85  6:24  Barracks Reactor  
  85  6:25  Barracks Reactor  
  85  6:28  SCV x3  
  85  6:31  Supply Depot  
  85  6:32  Marine x3  
  91  6:33  Marine, Supply Depot  
  91  6:38  Combat Shield  
  92  6:40  SCV x3  
  92  6:46  Widow Mine x2  
  99  6:49  Medivac  
  99  6:52  Refinery, Medivac  
  99  6:53  SCV x3  
  106  6:56  Supply Depot  
  106  6:57  Supply Depot  
  106  6:59  Missile Turret  
  106  7:00  Missile Turret  
  106  7:01  Missile Turret  
  104  7:04  Marine x4  
  104  7:05  SCV x3  
  107  7:17  SCV x3, Widow Mine x2  
  107  7:21  Marine  
  107  7:22  Marine x3, Supply Depot  
  116  7:23  Missile Turret, Marine, Factory  
  116  7:29  SCV x3, Marine  
  123  7:30  Marine  
  123  7:31  Marine x2  
  123  7:36  Supply Depot  
  126  7:38  Widow Mine x2  
  126  7:39  Marine, Supply Depot  
  131  7:45  Armory  
  131  7:47  Supply Depot, Medivac x2  
  135  7:52  Marine  
  135  7:53  Marine x5  
  135  7:57  Supply Depot  
  135  7:58  SCV x2, Marine x2  
  145  7:59  SCV  
  144  8:07  Marine  
  144  8:10  SCV x2, Marine  
  144  8:11  SCV, Marine  
  144  8:12  Marine x4  
  154  8:15  Marine x2  
  154  8:18  Factory Tech Lab  
  151  8:28  Marine  
  151  8:29  Marine  
  151  8:30  Marine x3  
  151  8:31  Widow Mine  
  151  8:32  Widow Mine  
  151  8:33  Marine x2  
  151  8:34  Barracks Reactor  
  160  8:41  Drilling Claws  
  160  8:42  Thor  
  160  8:46  Marine  
  160  8:47  Marine, Command Center  
  168  8:51  Marine  
  168  8:52  Marine x2  
  168  8:54  Marine x2  
  173  9:11  Marine x4  
  173  9:12  Supply Depot, Marauder  
  173  9:14  Missile Turret  
  173  9:16  Missile Turret  
  181  9:17  Widow Mine  
  181  9:25  Barracks x3  
  181  9:26  Marine x2  
  181  9:27  Widow Mine  
  165  9:34  SCV x2, Marauder  
  165  9:35  SCV  
  145  9:38  Marine x3  
  145  9:39  Marine x2  
  145  9:42  Thor  
  145  9:45  Widow Mine  
  156  9:46  Medivac  
  156  9:49  Marine x2, Widow Mine  
  161  9:58  Marauder  
  163  10:01  Marine x2  
  163  10:05  Marine x2  
  163  10:06  Marine x2  
  163  10:07  SCV, Widow Mine  
  147  10:08  SCV x2  
  147  10:09  Marine  
  147  10:10  Marine, Widow Mine  
  147  10:14  Barracks Tech Lab x3  
  147  10:19  Marine x2  
  147  10:20  Marauder  
  145  10:23  Marine x2  
  133  10:32  SCV x2  
Show
View Real Time Build Order
Export as new Build Order

AGOElazer Zerg - Winner!

Build Orders: Pool First, Muta Ling Bane 

Get SALT Encoding   

  12  0:00  Drone  
  13  0:12  Overlord  
  13  0:16  Drone  
  14  0:30  Drone x2  
  14  0:34  Drone  
  17  0:44  Spawning Pool  
  17  0:46  Drone  
  17  0:55  Drone  
  18  1:09  Hatchery  
  17  1:11  Extractor  
  17  1:14  Drone  
  17  1:18  Drone  
  18  1:30  Queen  
  18  1:31  Zergling x2  
  21  1:38  Overlord  
  21  1:49  Drone  
  22  2:02  Drone  
  23  2:08  Queen  
  23  2:10  Drone  
  26  2:16  Hatchery  
  26  2:22  Drone  
  26  2:23  Drone  
  26  2:28  Metabolic Boost  
  27  2:33  Drone  
  27  2:35  Drone  
  29  2:40  Drone  
  29  2:42  Drone  
  29  2:44  Drone  
  32  2:46  Drone  
  32  2:50  Overlord  
  33  2:54  Drone  
  34  2:59  Drone  
  34  3:04  Drone  
  36  3:11  Queen  
  36  3:12  Drone  
  39  3:13  Queen  
  39  3:16  Drone x2  
  39  3:19  Drone  
  44  3:23  Overlord  
  44  3:28  Queen  
  44  3:33  Overlord  
  46  3:35  Drone  
  46  3:38  Zergling x6  
  50  3:41  Zergling x2  
  50  3:42  Zergling x2  
  50  3:44  Drone  
  50  3:47  Drone x2  
  55  3:51  Lair  
  55  3:55  Queen  
  55  3:57  Drone  
  55  4:00  Drone  
  55  4:01  Drone  
  55  4:02  Drone  
  61  4:04  Drone  
  61  4:07  Drone x2  
  64  4:11  Queen  
  64  4:14  Overlord  
  66  4:18  Extractor  
  66  4:23  Drone  
  66  4:24  Overlord  
  66  4:27  Drone, Spore Crawler  
  66  4:33  Drone x5  
  66  4:34  Drone x3  
  74  4:44  Overlord  
  74  4:45  Queen  
  74  4:47  Drone x2  
  74  4:48  Drone  
  79  4:53  Spire  
  79  4:55  Drone x4  
  79  4:57  Overseer  
  82  5:01  Extractor, Spore Crawler x2  
  82  5:02  Extractor  
  82  5:03  Overlord  
  82  5:05  Drone  
  82  5:06  Drone x3  
  82  5:09  Zergling x4  
  84  5:14  Extractor, Baneling Nest  
  84  5:16  Drone x3  
  84  5:17  Drone  
  84  5:19  Overlord  
  86  5:22  Drone x3  
  86  5:27  Overlord  
  89  5:30  Extractor  
  88  5:37  Zergling x8  
  88  5:41  Overlord  
  90  5:42  Drone x3  
  90  5:52  Overlord  
  90  5:54  Zergling x6  
  90  5:56  Drone x2  
  95  5:57  Hatchery  
  93  6:05  Mutalisk x5  
  93  6:10  Mutalisk  
  105  6:12  Overlord  
  105  6:17  Drone x3  
  108  6:19  Centrifical Hooks  
  108  6:20  Drone x2  
  108  6:22  Drone  
  108  6:23  Drone  
  112  6:25  Drone  
  112  6:28  Hatchery  
  112  6:33  Zerg Flyer Weapons Level 1  
  112  6:34  Evolution Chamber, Drone x4  
  112  6:35  Evolution Chamber  
  112  6:39  Overlord  
  114  6:44  Zergling x12  
  120  6:51  Pneumatized Carapace, Overseer  
  120  6:53  Overseer  
  120  6:55  Drone x3  
  123  7:01  Mutalisk x4  
  131  7:14  Zerg Melee Weapons Level 1  
  131  7:15  Drone x5  
  136  7:17  Baneling x6, Unknown  
  136  7:22  Overlord  
  135  7:23  Zergling x6  
  135  7:24  Zergling x10  
  143  7:31  Baneling x9  
  143  7:32  Zergling x4  
  143  7:33  Zergling x2  
  146  7:45  Zergling x2  
  146  7:46  Zergling x12  
  146  7:50  Baneling x7  
  153  7:55  Zergling x14  
  153  7:56  Zergling x10  
  153  7:57  Zerg Ground Armor Level 1  
  165  8:09  Baneling x5  
  165  8:16  Baneling x11  
  165  8:23  Overlord x4  
  163  8:34  Overlord x2  
  163  8:42  Infestation Pit  
  162  8:50  Zergling x40  
  162  8:52  Baneling x18  
  182  9:00  Mutalisk x6  
  192  9:04  Overlord  
  192  9:09  Zergling x14  
  199  9:11  Baneling x8  
  199  9:15  Overlord  
  199  9:18  Extractor  
  199  9:21  Hive  
  199  9:22  Hatchery  
  199  9:23  Drone x2  
  187  9:35  Hatchery  
  187  9:36  Zergling x2  
  187  9:37  Zergling x30  
  185  9:48  Zergling x24  
  185  9:49  Zergling x2  
  185  9:52  Baneling  
  198  9:53  Baneling x15  
  198  9:56  Zergling x6  
  193  10:05  Zergling x4  
  193  10:06  Zergling x4  
  173  10:11  Zergling x10  
  171  10:16  Zergling x24  
  180  10:25  Zergling x8  
Tags
 
Add a new tag
Caveats
  • Supply blocks, unpowered buildings, or Contaminate may cause inaccurate times.
  • Supply counts are checked every 10 seconds.